 Dungeon Crawl Stone Soup version 0.23.0 (webtiles) character file.

Game seed: 10436588971215202750

1067 slphil the Slasher (level 8, 0/64 HPs)
             Began as a Barachi Fighter on Feb 12, 2019.
             Slain by a killer bee (3 damage)
             ... on level 5 of the Dungeon.
             The game lasted 00:12:41 (5453 turns).

slphil the Slasher (Barachi Fighter)                Turns: 5453, Time: 00:12:42

Health: 0/64       AC:  8    Str: 18    XL:     8   Next: 28%
Magic:  8/8        EV:  7    Int:  8    God:
Gold:   187        SH: 11    Dex: 14    Spells: 7/7 levels left

rFire    . . .     SeeInvis .   a - +1 long sword
rCold    . . .     Gourm    .   c - +1 shield
rNeg     . . .     Faith    .   b - +0 scale mail
rPois    .         Spirit   .   g - +0 helmet
rElec    .         Reflect  .   (no cloak)
rCorr    .         Harm     +   (no gloves)
MR       .....                  (no boots)
Stlth    ..........             v - amulet of harm
HPRegen  0.20/turn              (no ring)
MPRegen  0.11/turn              (no ring)

@: lethally poisoned (0 -> -6), can't hop, slow
A: +LOS, swims, slowness 1, strong legs 1
a: Hop


You were on level 5 of the Dungeon.
You were not hungry.

You visited 1 branch of the dungeon, and saw 5 of its levels.

You collected 187 gold pieces.

Inventory:

Hand Weapons
 a - a +1 long sword (weapon)
Armour
 b - a +0 scale mail (worn)
 c - a +1 shield (worn)
 g - a +0 helmet (worn)
Jewellery
 v - an amulet of harm (around neck)
 y - an uncursed amulet of the acrobat
Wands
 x - a wand of random effects (22)
Scrolls
 e - a scroll of amnesia
 h - a scroll of enchant weapon
 i - 4 scrolls of remove curse
 k - 2 scrolls of teleportation
 s - 2 scrolls of enchant armour
 w - a scroll of fog {unknown}
Potions
 d - a potion of might
 j - a potion of curing
 m - a potion of heal wounds
 p - 2 potions of flight
Comestibles
 f - 6 rations
 l - 3 chunks of flesh


   Skills:
 + Level 6.1 Fighting
 * Level 7.4 Long Blades
 + Level 6.2 Armour
 + Level 5.7 Shields


You had 7 spell levels left.
You didn't know any spells.
Your spell library was empty.

Dungeon Overview and Level Annotations

Branches:
Dungeon (5/15)
 Temple: D:4-7

Altars:
Ashenzari
Cheibriados
Elyvilon
Gozag
Uskayaw

Shops:
D:5 }*


Innate Abilities, Weirdness & Mutations

Shadows flee at your approach. (+LOS)
You can swim through water.
You cover ground slowly.
You can hop short distances.


Message History

You closely miss the killer bee.
The killer bee is moderately wounded.
You block the killer bee's attack. The killer bee stings you!
* * * LOW HITPOINT WARNING * * *
You closely miss the killer bee.
The killer bee is moderately wounded.
You block the killer bee's attack. The killer bee stings you.
* * * LOW HITPOINT WARNING * * *
You block the killer bee's attack.
You hit the killer bee.
The killer bee is heavily wounded.
The killer bee barely misses you. The killer bee stings you.
* * * LOW HITPOINT WARNING * * *
You are lethally poisoned!
The killer bee poisons you!
You hit the killer bee but do no damage.
The killer bee is heavily wounded.
* * * LOW HITPOINT WARNING * * *
You feel sick. You block the killer bee's attack. The killer bee stings you.
You die...

#....................#
##................#,,**
##รท..............#,,,*
#.......###.#####*,,****
##......##..# *,,,*,*
#.......#..## **,,*,*
##..........## *,,*,*
#.........(.## **,,,**
##.....#...y@# *,,,,*
##########.## **,*** ###
***


You could see a killer bee.

Vanquished Creatures
  A phantom (D:5)
  An ogre (D:4)
  2 scorpions
  2 killer bees (D:5)
  3 crimson imps (D:5)
  4 orc wizards
  2 orc priests (D:3)
  2 bullfrog skeletons (D:4)
  4 worker ants
  Natasha (thrice) (D:3)
  A hound zombie (D:5)
  5 adders
  3 oozes
  An adder skeleton (D:4)
  3 worms
  A dart slug (D:1)
  6 leopard geckos
  15 orcs
  2 ball pythons
  8 giant cockroaches
  10 hobgoblins
  6 jackals
  9 kobolds
  3 quokkas
  13 bats
  4 frilled lizards
  6 goblins
  11 rats
131 creatures vanquished.

Notes
Turn   | Place    | Note
-------+----------+-------------------------------------------
     0 | D:1      | slphil the Barachi Fighter began the quest for the Orb.
     0 | D:1      | Reached XP level 1. HP: 18/18 MP: 1/1
    86 | D:1      | Reached XP level 2. HP: 25/25 MP: 2/2
   154 | D:1      | Reached skill level 3 in Long Blades
   349 | D:1      | Reached XP level 3. HP: 30/30 MP: 3/3
  1315 | D:2      | Found a white marble altar of Elyvilon.
  1316 | D:2      | Found a shattered altar of Ashenzari.
  1334 | D:2      | Reached XP level 4. HP: 24/37 MP: 4/4
  1462 | D:2      | Reached skill level 4 in Long Blades
  1915 | D:2      | Found a hide-covered altar of Uskayaw.
  2021 | D:3      | Reached XP level 5. HP: 33/43 MP: 5/5
  2200 | D:3      | Noticed Natasha
  2206 | D:3      | Killed Natasha
  2706 | D:3      | Found a snail-covered altar of Cheibriados.
  2708 | D:3      | Reached XP level 6. HP: 48/49 MP: 6/6
  2713 | D:3      | Reached skill level 5 in Long Blades
  3204 | D:3      | Noticed Natasha
  3219 | D:3      | Killed Natasha
  3219 | D:3      | Reached skill level 5 in Fighting
  3219 | D:3      | Reached skill level 5 in Armour
  3448 | D:3      | Noticed Natasha
  3458 | D:3      | Killed Natasha
  3942 | D:4      | Reached XP level 7. HP: 51/56 MP: 7/7
  3998 | D:4      | Reached skill level 6 in Long Blades
  4014 | D:4      | Reached skill level 5 in Shields
  4909 | D:5      | Entered Level 5 of the Dungeon
  4971 | D:5      | Found Hiysche's Gadget Shop.
  5022 | D:5      | Reached XP level 8. HP: 4/64 MP: 8/8
  5043 | D:5      | Reached skill level 7 in Long Blades
  5314 | D:5      | Found Gozag's Platinum Reserve.
  5317 | D:5      | Found an opulent altar of Gozag.
  5453 | D:5      | HP: 3/64 [poisoned by a killer bee]
  5453 | D:5      | Slain by a killer bee

Skill      XL: |  1  2  3  4  5  6  7  8 |
---------------+-------------------------+-----
Long Blades    | 3 4 5 6 7 |  7.4
Armour         | 4 5 6 |  6.2
Fighting       | 4 5 6 |  6.1
Shields        | 4 5 |  5.7

Action                   |  1- 3 |  4- 6 |  7- 9 || total
-------------------------+-------+-------+-------++-------
Melee: Long sword        |   138 |   207 |   141 ||   486
 Abil: Hop               |       |     1 |     1 ||     2
  Use: Scroll            |       |       |    13 ||    13
       Potion            |       |       |     3 ||     3
  Eat: Chunk             |     2 |    10 |     5 ||    17
Armor: Scale mail        |    66 |    94 |    57 ||   217
Dodge: Dodged            |    47 |    66 |    48 ||   161
Block: Shield            |    73 |   127 |    80 ||   280
       Rpst.: Long sword |    18 |    18 |    14 ||    50
